 Dungeon Crawl Stone Soup version 0.32-a0-732-ga344392067 (webtiles) character file.

Game seed: 10495603786293617595

205 runemasterragnar the Ducker (level 5, 0/37 HPs)
             Began as an Octopode Fighter on Mar 16, 2024.
             Constricted to death by a ball python (1 damage)
             ... on level 3 of the Dungeon.
             The game lasted 00:01:19 (1689 turns).

runemasterragnar the Ducker (Octopode Fighter)      Turns: 1689, Time: 00:01:20

Health: 0/37       AC:  1    Str: 16    XL:     5   Next: 83%
Magic:  5/5        EV:  2    Int: 12    God:
Gold:   28         SH:  4    Dex: 11    Spells: 4/4 levels left

rFire   . . .        a - +0 long sword
rCold   . . .        b - +0 buckler
rNeg    . . .        (helmet restricted)
rPois   .            (no amulet)
rElec   .            (no ring)
rCorr   .            (no ring)
SInv    .            (no ring)
Will    .....        (no ring)
Stlth   +++          (no ring)
HPRegen 0.26/turn    (no ring)
MPRegen 0.09/turn    (no ring)
                     (no ring)

%: no passive effects
@: lethally poisoned (0 -> -4), constricted
A: almost no armour, amphibious, 8 rings, camouflage 1, gelatinous body 1,
(nimble swimmer 1), tentacles
a: no special abilities


You were on level 3 of the Dungeon.
You visited 1 branch of the dungeon, and saw 3 of its levels.

You collected 28 gold pieces.

Inventory:

Hand Weapons
 a - a +0 long sword (weapon)
Missiles
 d - 4 darts of dispersal (quivered)
 h - 5 poisoned darts
Armour
 b - a +0 buckler (worn)
Jewellery
 n - a ring of see invisible
Scrolls
 e - a scroll of enchant weapon {unknown}
 f - 3 scrolls of identify {unknown}
 g - 3 scrolls of revelation {unknown}
 k - a scroll of poison {unknown}
 l - 2 scrolls of amnesia {unknown}
Potions
 c - a potion of might
 i - 2 potions of resistance {unknown}
 j - a potion of attraction {unknown}
 m - a potion of curing {unknown}


   Skills:
 + Level 4.0 Fighting
 - Level 2.0 Long Blades
 + Level 4.0 Dodging
 + Level 3.7 Stealth
 + Level 4.0 Shields


You had 4 spell levels left.
You didn't know any spells.
Your spell library contained the following spells:

 Spells                   Type           Power      Damage    Failure   Level
 Summon Forest            Summ/Tloc      0%         N/A       100%        5
 Summon Mana Viper        Hex/Summ       0%         N/A       100%        5
 Summon Cactus Giant      Summ           0%         N/A       100%        6


Dungeon Overview and Level Annotations

Branches:
Dungeon (3/15)

Altars:
Elyvilon
Qazlal

Shops:
D:2 =


Innate Abilities, Weirdness & Mutations

You cannot wear most types of armour.
You are amphibious.
You can wear up to eight rings at the same time.
Your skin changes colour to match your surroundings (Stealth+).
Your rubbery body absorbs attacks. (AC +1, EV +1)
((You are camouflaged when in or above water. (Stealth+)))
You have tentacles for arms and can constrict up to eight enemies at once.


Message History

You hit the adder but do no damage.
The adder is heavily wounded.
You constrict the adder.
You feel very sick. The adder barely misses you.
The ball python closely misses you. You block the ball python's attack.
The endoplasm freezes you.
You are frozen.
The adder barely misses you. The ball python barely misses you.
The ball python grabs you. The ball python constricts you.
The endoplasm freezes you.
You are frozen.
A kobold comes into view. It is wielding a +0 dagger.
The kobold shouts!
You hit the adder.
You kill the adder!
You feel very sick.
The ball python bites you but does no damage.
The ball python constricts you. The endoplasm hits you. The bat hits you.
Unknown command.
You barely miss the bat. Your grab misses the bat. Your squeeze misses the bat.
You feel sick. The bat hits you. The ball python bites you.
The ball python constricts you. The endoplasm hits you.
You block the ball python's attack. The ball python constricts you.
The bat hits you.
Unknown command.
You closely miss the ball python. Your grab misses the ball python.
You feel sick. The bat hits you.
* * * LOW HITPOINT WARNING * * *
You block the bat's attack. The ball python bites you.
* * * LOW HITPOINT WARNING * * *
The ball python constricts you.
* * * LOW HITPOINT WARNING * * *
The kobold hits you with a +0 short sword.
* * * LOW HITPOINT WARNING * * *
The endoplasm hits you.
* * * LOW HITPOINT WARNING * * *
The ball python bites you.
* * * LOW HITPOINT WARNING * * *
The ball python constricts you.
You die...

... #.#### #.#..
##... #..###
##+#######
#####....###........#
.......#............#
.....#.#####....b.$.#
.##.##.# #....@J..#
.##.##.# #>...KS....#
.##.##.#
######...#..#
.##.##.# ......#
....##.# ..._..#
#.### .# ......#
#......# .⌠....#
.....### ......#
.......


You could see an endoplasm, a bat, a ball python and a kobold.

Vanquished Creatures
  Sigmund (D:2)
  2 adders
  2 dart slugs (D:1)
  3 endoplasms
  A giant cockroach (D:1)
  5 goblins (D:1)
  3 hobgoblins (D:1)
  4 quokkas (D:1)
  A ball python (D:1)
  3 bats
  5 frilled lizards (D:1)
  A kobold (D:2)
  2 rats (D:1)
33 creatures vanquished.

Notes
Turn   | Place    | Note
-------+----------+-------------------------------------------
     0 | D:1      | runemasterragnar the Octopode Fighter began the quest for
                  | the Orb.
     0 | D:1      | Reached XP level 1. HP: 16/16 MP: 1/1
   100 | D:1      | Reached XP level 2. HP: 17/21 MP: 2/2
   101 | D:1      | Reached skill level 1 in Stealth
   363 | D:1      | Reached XP level 3. HP: 22/26 MP: 3/3
   899 | D:1      | Found a white marble altar of Elyvilon.
   924 | D:2      | Found Ehisevy's Jewellery Boutique.
  1419 | D:2      | Noticed Sigmund
  1426 | D:2      | Killed Sigmund
  1427 | D:2      | Reached XP level 4. HP: 18/33 MP: 4/4
  1427 | D:2      | Reached XP level 5. HP: 20/37 MP: 5/5
  1680 | D:3      | Found a stormy altar of Qazlal.
  1689 | D:3      | HP: 1/37 [ball python (1)]
  1689 | D:3      | Constricted to death by a ball python

Illustrated notes

Levels and vault maps discovered:
D:1:      dpeg_arrival_water_altar, layout_basic
D:2:      layout_loops_ring, serial_shops, shop, uniq_sigmund
D:3:      layout_basic, lemuel_crystal_altar, grunt_temple_overflow_open,
          minmay_misc_feat_cross

Skill      XL: |  1  2  3 |
---------------+----------+-----
Stealth        | 1 3 |  3.7
Fighting       | 4 |  4.0
Dodging        | 4 |  4.0
Shields        | 4 |  4.0
Long Blades    | |  2.0

Action                     |  1- 3 |  4- 6 || total
---------------------------+-------+-------++-------
  Melee: Long sword        |    51 |     6 ||    57
         Constrict         |    15 |     1 ||    16
         Tentacles         |     5 |       ||     5
   Stab: Sleeping          |     5 |       ||     5
 Armour: Skin              |    17 |    20 ||    37
  Dodge: Dodged            |    25 |     4 ||    29
  Block: Buckler           |     7 |     4 ||    11

Table legend: (Time is in decaauts)
 A = Elapsed time spent in this place.
 B = Non-inter-level travel time spent in this place.
 C = Inter-level travel time spent in this place.
 D = Time resting spent in this place.
 E = Time spent auto-exploring this place.
 F = Levels seen in this place.
 G = Mean time per level.
                   A        B        C        D        E       F      G
               +--------+--------+--------+--------+--------+-----+--------+
         Total |   1707 |   1597 |    110 |      0 |   1351 |   3 |  569.0 |
       Dungeon |   1707 |   1597 |    110 |      0 |   1351 |   3 |  569.0 |
               +--------+--------+--------+--------+--------+-----+--------+

Top non-repeatable levels by time:
     D:1: 938 daAuts
     D:2: 734 daAuts
     D:3: 34 daAuts
